[Event "Titled Tuesday Blitz February 21 Late 2023"]
[White "Romero Ruscalleda, Josep"]
[Black "Torres Dominguez, David"]
[WhiteFideId "2231859"]
[BlackFideId "2220857"]
[WhiteElo "2160"]
[BlackElo "1994"]
[Result "0-1"]
[Round "08"]
[TimeControl "180+2"]
[Date "2023.02.21"]
[WhiteClock "0:00:02"]
[BlackClock "0:00:02"]

1. e4 Nc6 2. d4 e5 3. Nf3 exd4 4. Bc4 Bc5 5. O-O Nf6 6. e5 d5 7. Bb5 Ne4 8. Nxd4 Bd7 9. Bxc6 bxc6 10. Be3 O-O 11. Nd2 Bb6 12. Nxe4 dxe4 13. Qh5 Qe7 14. c3 g6 15. Qg5 Rfe8 16. Qxe7 Rxe7 17. Bf4 Bxd4 18. cxd4 Be6 19. b3 Rd7 20. Be3 Rd5 21. Rac1 Ra5 22. Rxc6 Rxa2 23. Rxc7 Bxb3 24. Rfc1 Kg7 25. Bg5 h6 26. Bf6+ Kh7 27. h4 Be6 28. R1c6 Re8 29. Rd6 Rd2 30. Rxa7 Rd1+ 31. Kh2 g5 32. hxg5 hxg5 33. Ra5 Kg6 34. d5 Bf5 35. Rb6 Rd2 36. Kg3 Rd3+ 37. f3 exf3 38. gxf3 g4 39. Bh4+ Kh5 40. Kg2 Kxh4 41. fxg4 Kxg4 42. d6 Rd2+ 43. Kf1 Rc8 44. Ra4+ Kg5 45. Ra1 Bd3+ 46. Ke1 Re2+ 47. Kd1 Rh8 48. Ra5 Rh1# 0-1


[Site "https://www.chess.com"]

[Event "Titled Tuesday Blitz February 21 Late 2023"]
[White "Better_Chess_Faster"]
[Black "Vaglio Munoz, Jaime"]
[BlackFideId "6500145"]
[WhiteElo "1982"]
[BlackElo "2174"]
[Result "0-1"]
[Round "08"]
[TimeControl "180+2"]
[Date "2023.02.21"]
[WhiteClock "0:00:12"]
[BlackClock "0:00:59"]

1. c4 c6 2. Nf3 b5 3. cxb5 cxb5 4. d4 Bb7 5. g3 g6 6. Bg2 Bg7 7. a4 b4 8. O-O a5 9. Nbd2 Nf6 10. Nc4 O-O 11. Bf4 d6 12. Rc1 Nbd7 13. h4 h6 14. b3 Bd5 15. Nfd2 Bxg2 16. Kxg2 Nd5 17. e3 e5 18. Nxd6 exf4 19. exf4 N7f6 20. Nb5 Nc3 21. Qf3 Nxb5 22. axb5 Qxd4 23. Rfd1 Qd5 24. Nc4 Qxf3+ 25. Kxf3 a4 26. Nb6 axb3 27. Nxa8 Rxa8 28. b6 b2 29. b7 Ra3+ 30. Kg2 Nd7 31. Rxd7 bxc1=Q 32. b8=Q+ Kh7 33. Rxf7 Qc6+ 34. Kh2 Ra8 35. Rxg7+ Kxg7 36. Qe5+ Qf6 37. Qc7+ Qf7 38. Qe5+ Kh7 0-1


[Site "https://www.chess.com"]

[Event "Titled Tuesday Blitz February 21 Late 2023"]
[White "Calcada, Lucas Galvan"]
[Black "Gamboa, Juan Pablo"]
[WhiteFideId "22746099"]
[BlackFideId "105180"]
[WhiteElo "1739"]
[BlackElo "2224"]
[Result "1-0"]
[Round "08"]
[TimeControl "180+2"]
[Date "2023.02.21"]
[WhiteClock "0:02:05"]
[BlackClock "0:01:40"]

1. e4 e6 2. d4 d5 3. Nd2 c5 4. exd5 Qxd5 5. Ngf3 cxd4 6. Bc4 Qd6 7. Nb3 Qb4+ 8. Nbd2 Nc6 9. O-O Nf6 10. a3 Qd6 11. Nb3 e5 12. Bb5 Bg4 13. Re1 Be7 14. Nbd2 O-O 15. Nc4 Qc5 16. Bxc6 bxc6 17. Ncxe5 Bxf3 18. Nxf3 Bd6 19. Qxd4 Qxd4 20. Nxd4 c5 21. Nf5 Rad8 22. Bg5 h6 23. Bxf6 gxf6 24. Nxh6+ Kg7 25. Nf5+ Kg6 26. Ne3 Rh8 27. g3 f5 28. Rad1 f4 29. Nc4 Bc7 30. b3 fxg3 31. hxg3 Rd4 32. Rxd4 cxd4 33. Re4 1-0


[Site "https://www.chess.com"]

[Event "Titled Tuesday Blitz February 21 Late 2023"]
[White "Fajdetic, Hrvoje"]
[Black "Mitrovic, Darko R"]
[WhiteFideId "14501945"]
[BlackFideId "927023"]
[WhiteElo "2151"]
[BlackElo "2220"]
[Result "1-0"]
[Round "08"]
[TimeControl "180+2"]
[Date "2023.02.21"]
[WhiteClock "0:00:18"]
[BlackClock "0:00:02"]

1. f4 d5 2. Nf3 c5 3. e3 Nf6 4. d3 g6 5. Be2 Bg7 6. O-O O-O 7. Qe1 Nc6 8. Qh4 b5 9. a4 b4 10. Nbd2 a5 11. Ne5 Bb7 12. Ndf3 e6 13. Nxc6 Bxc6 14. Ne5 Bb7 15. Bf3 Nd7 16. Qxd8 Raxd8 17. Nxd7 Rxd7 18. Rb1 e5 19. Bd2 e4 20. Be2 f5 21. dxe4 dxe4 22. Rfd1 Rfd8 23. Be1 Rxd1 24. Bxd1 Ba6 25. c3 Bd3 26. Rc1 bxc3 27. Bxc3 Bxc3 28. Rxc3 c4 29. b3 Rb8 30. Kf2 cxb3 31. Rxb3 Rxb3 32. Bxb3+ Kg7 33. Ke1 Kf6 34. Kd2 h6 35. Kc3 g5 36. g3 gxf4 37. gxf4 h5 38. Kd4 h4 39. Kc5 h3 40. Kb6 Kg6 41. Bd1 1-0


[Site "https://www.chess.com"]

[Event "Titled Tuesday Blitz February 21 Late 2023"]
[White "Gamage, Wanshini Vidusama"]
[Black "Magallanes, Rey Jomar"]
[WhiteFideId "9953752"]
[BlackFideId "5205948"]
[WhiteElo "1089"]
[BlackElo "2052"]
[Result "0-1"]
[Round "08"]
[TimeControl "180+2"]
[Date "2023.02.21"]
[WhiteClock "0:00:05"]
[BlackClock "0:01:37"]

1. e4 c5 2. Nf3 d6 3. d4 cxd4 4. Nxd4 Nf6 5. Nc3 a6 6. Rg1 e5 7. Nb3 h5 8. Be3 Be7 9. h3 Be6 10. g4 hxg4 11. hxg4 d5 12. exd5 Nxd5 13. Nxd5 Qxd5 14. Qxd5 Bxd5 15. O-O-O Bc6 16. g5 Nd7 17. g6 f6 18. Na5 Bf3 19. Rd3 O-O-O 20. a3 Kb8 21. Ba7+ Kxa7 22. Rxf3 Nc5 23. Bg2 e4 24. Rc3 f5 25. b4 Ne6 26. Bf1 Bg5+ 27. Kb1 Rd1+ 28. Ka2 Bf6 29. Kb3 Bxc3 30. Kxc3 Rc8+ 31. Kb2 Nd4 32. c3 Nf3 33. Rh1 Rcd8 34. Bg2 Rxh1 35. Bxh1 Rd2+ 36. Kb3 Rxf2 37. Nc4 Rh2 38. Bxf3 exf3 39. Nd6 f2 40. Nxf5 f1=Q 41. Nxg7 Qb1+ 42. Kc4 b5+ 43. Kc5 Qxg6 44. a4 Qxg7 45. axb5 Rh5+ 46. Kc4 axb5+ 47. Kb3 Rh3 48. Kb2 Qxc3+ 49. Kb1 Rh1+ 50. Ka2 Ra1# 0-1


[Site "https://www.chess.com"]

[Event "Titled Tuesday Blitz February 21 Late 2023"]
[White "Arvelo Leo, Gian Carlo"]
[Black "Jesusesmifuerza"]
[WhiteFideId "6402720"]
[WhiteElo "2075"]
[BlackElo "2009"]
[Result "1-0"]
[Round "08"]
[TimeControl "180+2"]
[Date "2023.02.21"]
[WhiteClock "0:01:27"]
[BlackClock "0:00:29"]

1. Nf3 d5 2. c4 e6 3. g3 Nf6 4. Bg2 Be7 5. O-O O-O 6. b3 c5 7. Bb2 Nc6 8. e3 d4 9. exd4 Nxd4 10. Nxd4 cxd4 11. d3 a5 12. Na3 Bc5 13. Nb5 Rb8 14. Qd2 Qb6 15. a3 e5 16. Rfe1 Re8 17. b4 axb4 18. axb4 Bf8 19. f4 Ng4 20. fxe5 Rxe5 21. Bxd4 Rxe1+ 22. Rxe1 Qh6 23. Qxh6 Nxh6 24. c5 Be6 25. Be5 Rd8 26. d4 Bc4 27. Nd6 Bxd6 28. Bxd6 b6 29. Bc7 Rc8 30. cxb6 Nf5 31. b7 1-0


[Site "https://www.chess.com"]

[Event "Titled Tuesday Blitz February 21 Late 2023"]
[White "Wang, Alexander J"]
[Black "Dias, Joao Batista"]
[WhiteFideId "30955270"]
[BlackFideId "2108240"]
[WhiteElo "1815"]
[BlackElo "1796"]
[Result "1-0"]
[Round "08"]
[TimeControl "180+2"]
[Date "2023.02.21"]
[WhiteClock "0:01:13"]
[BlackClock "0:01:19"]

1. e4 e5 2. Nf3 Nc6 3. Bb5 Nd4 4. Nxd4 exd4 5. d3 Nf6 6. O-O Be7 7. Bc4 O-O 8. Nd2 d5 9. exd5 Nxd5 10. Nf3 c5 11. a4 Bg4 12. h3 Bh5 13. g4 Bg6 14. Ne5 Qd6 15. Nxg6 hxg6 16. Qf3 Rad8 17. Bxd5 Qxd5 18. Qxd5 Rxd5 19. Re1 Bd6 20. Kg2 f5 21. Bd2 Kf7 22. Re2 Re8 23. Rxe8 Kxe8 24. Re1+ Kf7 25. Kf3 Bc7 26. b3 Kf6 27. h4 Kf7 28. Bg5 Rd7 29. Bf4 Bd8 30. g5 Rd5 31. Re5 Rxe5 32. Bxe5 a6 33. Bd6 b6 34. Kf4 Be7 35. Ke5 Bd8 36. f4 a5 37. Kd5 Be7 38. Bxe7 Kxe7 39. Kc6 Ke6 40. Kxb6 Kd5 41. Kxa5 c4 42. bxc4+ Kc5 43. Ka6 Kc6 44. a5 1-0


[Site "https://www.chess.com"]

[Event "Titled Tuesday Blitz February 21 Late 2023"]
[White "Roman, Rodrigo"]
[Black "Pissama Ntsaou, Martial"]
[WhiteFideId "3701220"]
[BlackFideId "17400864"]
[WhiteElo "2058"]
[BlackElo "1430"]
[Result "0-1"]
[Round "08"]
[TimeControl "180+2"]
[Date "2023.02.21"]
[WhiteClock "0:02:27"]
[BlackClock "0:02:24"]

1. e4 c6 2. Ne2 d5 3. e5 Bf5 4. Ng3 Bg6 5. h4 h5 6. d4 e6 7. Bd3 Bxd3 8. Qxd3 Qa5+ 9. Nd2 Qa6 10. c4 Nd7 11. O-O Be7 12. b3 Bxh4 13. Nxh5 Rxh5 14. Qh3 Bxf2+ 0-1


[Site "https://www.chess.com"]

[Event "Titled Tuesday Blitz February 21 Late 2023"]
[White "Chabris, Christopher"]
[Black "Desideri, Ricardo Maruchi"]
[WhiteFideId "2005263"]
[BlackFideId "2110440"]
[WhiteElo "2053"]
[BlackElo "1959"]
[Result "1/2-1/2"]
[Round "08"]
[TimeControl "180+2"]
[Date "2023.02.21"]
[WhiteClock "0:00:29"]
[BlackClock "0:02:23"]

1. e4 c5 2. Nf3 d6 3. Bb5+ Nd7 4. d4 cxd4 5. Qxd4 a6 6. Bxd7+ Bxd7 7. c4 Bc6 8. Bg5 h6 9. Bh4 Nf6 10. Bxf6 gxf6 11. Nc3 e6 12. O-O Rg8 13. Rfe1 Be7 14. Nd5 exd5 15. exd5 Bd7 16. Qxf6 Kf8 17. Qxh6+ Rg7 18. Qh8+ Rg8 19. Qh6+ Rg7 20. Qh8+ Rg8 21. Qh6+ 1/2-1/2


[Site "https://www.chess.com"]

[Event "Titled Tuesday Blitz February 21 Late 2023"]
[White "Vargas, Mauricio"]
[Black "Kohler, Aran"]
[WhiteFideId "4404572"]
[BlackFideId "1002856"]
[WhiteElo "2035"]
[BlackElo "2010"]
[Result "0-1"]
[Round "08"]
[TimeControl "180+2"]
[Date "2023.02.21"]
[WhiteClock "0:00:25"]
[BlackClock "0:00:27"]

1. e4 c6 2. d4 d5 3. e5 c5 4. c3 Nc6 5. f4 cxd4 6. cxd4 Bf5 7. Nf3 e6 8. Nc3 Bb4 9. Be2 Nge7 10. O-O Bg4 11. a3 Ba5 12. Nb5 O-O 13. Nd6 Bc7 14. Nxb7 Qc8 15. Nc5 Bb6 16. b4 a5 17. Bd2 Bxf3 18. Rxf3 Nxd4 19. Rh3 axb4 20. Bxb4 Bxc5 21. Rc1 Nxe2+ 22. Kh1 Nxc1 23. Qxc1 Bxb4 24. Qb1 h6 25. axb4 Qa6 26. b5 Qa1 27. Rb3 Qxb1+ 28. Rxb1 Rfb8 29. h3 Ra5 30. b6 Ra6 31. b7 Ra7 32. g4 Raxb7 33. Rf1 Rb1 34. Kg2 Rxf1 35. Kxf1 Rb4 36. f5 exf5 37. gxf5 Nxf5 38. h4 Re4 39. h5 d4 40. e6 fxe6 41. Kf2 d3 42. Kf3 Re3+ 43. Kf4 d2 44. Kg4 d1=Q+ 45. Kf4 Qf3# 0-1


[Site "https://www.chess.com"]

[Event "Titled Tuesday Blitz February 21 Late 2023"]
[White "Melikyan, Gnel"]
[Black "Oliveira, Tiago Batista"]
[WhiteFideId "54109990"]
[BlackFideId "2108291"]
[WhiteElo "2238"]
[BlackElo "1991"]
[Result "1-0"]
[Round "08"]
[TimeControl "180+2"]
[Date "2023.02.21"]
[WhiteClock "0:01:39"]
[BlackClock "0:00:45"]

1. Nh3 g6 2. Na3 Bg7 3. e4 d6 4. Nf4 Nf6 5. d3 c5 6. Be2 Nc6 7. O-O O-O 8. Nc4 b5 9. Ne3 e5 10. Nfd5 Nxd5 11. Nxd5 Ne7 12. Nxe7+ Qxe7 13. a4 b4 14. c3 a5 15. cxb4 axb4 16. b3 f5 17. Bf3 f4 18. Bg4 h5 19. Bxc8 Raxc8 20. f3 g5 21. Kf2 Qf7 22. Qc2 g4 23. Qc4 Bh6 24. Ke2 Kg7 25. Bd2 Rfd8 26. a5 d5 27. exd5 Rxd5 28. a6 Rcd8 29. a7 Qb7 30. Qa6 Qxa6 31. Rxa6 Ra8 32. Rfa1 Bg5 33. R1a5 Be7 34. Bxb4 gxf3+ 35. gxf3 Kf7 36. Bc3 Rd6 37. Bxe5 Rxa6 38. Rxa6 1-0


[Site "https://www.chess.com"]

[Event "Titled Tuesday Blitz February 21 Late 2023"]
[White "Tabatabaei, M. Amin"]
[Black "Vachier-Lagrave, Maxime"]
[WhiteFideId "12521213"]
[BlackFideId "623539"]
[WhiteElo "2677"]
[BlackElo "2742"]
[Result "0-1"]
[Round "09"]
[TimeControl "180+2"]
[Date "2023.02.21"]
[WhiteClock "0:00:03"]
[BlackClock "0:00:05"]

1. d4 Nf6 2. Nf3 g6 3. Nbd2 d5 4. b3 Bg7 5. Bb2 Bf5 6. e3 O-O 7. c4 c6 8. Be2 Nbd7 9. O-O Re8 10. h3 a5 11. Nh4 Be6 12. f4 Nf8 13. f5 Bd7 14. Bd3 e6 15. fxg6 hxg6 16. Nhf3 N6h7 17. Ne5 f5 18. Qf3 Bh6 19. Qg3 Qg5 20. Qxg5 Nxg5 21. Rfe1 a4 22. Ba3 Nf7 23. Ndf3 Nxe5 24. Nxe5 Bg7 25. Bc5 Bc8 26. Reb1 Bf6 27. g4 Kg7 28. Kg2 Ra5 29. b4 Ra8 30. b5 Nd7 31. Bd6 Nxe5 32. dxe5 Bg5 33. Kf3 Bd7 34. Rg1 dxc4 35. Bc2 Be7 36. Rad1 cxb5 37. Bxe7 Rxe7 38. a3 b4 39. axb4 a3 40. Rd6 Bc6+ 41. Kf4 Be4 42. gxf5 Bxf5 43. Bxf5 exf5 44. Rdxg6+ Kh8 45. Rh6+ Rh7 46. Rxh7+ Kxh7 47. e4 a2 48. Ra1 c3 49. Ke3 fxe4 50. e6 Kg7 51. Kxe4 c2 52. e7 Kf7 53. e8=Q+ Kxe8 54. Kd3 0-1


[Site "https://www.chess.com"]

[Event "Titled Tuesday Blitz February 21 Late 2023"]
[White "Vasquez Schroeder, Rodrigo"]
[Black "Bluebaum, Matthias"]
[WhiteFideId "3400042"]
[BlackFideId "24651516"]
[WhiteElo "2524"]
[BlackElo "2669"]
[Result "0-1"]
[Round "09"]
[TimeControl "180+2"]
[Date "2023.02.21"]
[WhiteClock "0:00:05"]
[BlackClock "0:00:04"]

1. d4 d5 2. c4 e6 3. Nc3 Bb4 4. Qb3 c5 5. dxc5 Na6 6. a3 dxc4 7. Qxc4 Bxc5 8. Nf3 Nf6 9. b4 Be7 10. Bf4 O-O 11. Rd1 Bd7 12. e4 Rc8 13. Qb3 Qb6 14. Bd3 Nc5 15. Qc2 Nxd3+ 16. Qxd3 Rfd8 17. Be3 Qc7 18. Bd4 a5 19. e5 Ng4 20. h3 Nh6 21. Nb5 Bxb5 22. Qxb5 axb4 23. axb4 Qc6 24. Qxc6 Bxb4+ 25. Bc3 Bxc3+ 26. Qxc3 Rxd1+ 27. Kxd1 Rxc3 28. Kd2 Rc8 29. Rb1 Rc7 30. g4 Kf8 31. Nd4 Ng8 32. Rb6 Ne7 33. Rxe6 Rd7 34. Rd6 Ke8 35. Rxd7 Kxd7 36. f4 g6 37. Kd3 Nc6 38. Nf3 h6 39. Ke4 b5 40. Kd5 b4 41. Kc4 Ke6 42. h4 b3 43. Kxb3 Kd5 0-1


[Site "https://www.chess.com"]

[Event "Titled Tuesday Blitz February 21 Late 2023"]
[White "Nakamura, Hikaru"]
[Black "Babazada, Khazar"]
[WhiteFideId "2016192"]
[BlackFideId "13413554"]
[WhiteElo "2775"]
[BlackElo "2474"]
[Result "1-0"]
[Round "09"]
[TimeControl "180+2"]
[Date "2023.02.21"]
[WhiteClock "0:00:34"]
[BlackClock "0:00:01"]

1. Nf3 Nf6 2. g3 g6 3. b3 Bg7 4. Bb2 O-O 5. Bg2 d6 6. d4 Nbd7 7. O-O a6 8. c4 Rb8 9. Nbd2 b5 10. cxb5 axb5 11. e4 b4 12. d5 Ba6 13. Nd4 Ne5 14. Re1 Nd3 15. Qc2 Nxb2 16. Qxb2 Nd7 17. N2f3 c5 18. dxc6 Nc5 19. Qd2 Qc7 20. Bf1 Bxf1 21. Kxf1 e5 22. Nc2 Qxc6 23. Qe2 Rfc8 24. Rac1 Bh6 25. Rcd1 Nxb3 26. axb3 Qxc2 27. Qxc2 Rxc2 28. Rxd6 Rb2 29. Rd3 Rc8 30. Nxe5 Rcc2 31. Rf3 Bg7 32. Nc4 Ra2 33. e5 Rc3 34. Ree3 Rc1+ 35. Kg2 h5 36. e6 fxe6 37. Rxe6 Raa1 38. Rxg6 Kh7 39. Rb6 Bd4 40. Rxb4 Rg1+ 41. Kh3 1-0


[Site "https://www.chess.com"]

[Event "Titled Tuesday Blitz February 21 Late 2023"]
[White "Andreikin, Dmitry"]
[Black "Fedoseev, Vladimir"]
[WhiteFideId "4158814"]
[BlackFideId "24130737"]
[WhiteElo "2729"]
[BlackElo "2680"]
[Result "1/2-1/2"]
[Round "09"]
[TimeControl "180+2"]
[Date "2023.02.21"]
[WhiteClock "0:00:08"]
[BlackClock "0:00:18"]

1. Nf3 d5 2. e3 Nf6 3. c4 e6 4. d4 c5 5. cxd5 exd5 6. Bb5+ Nc6 7. O-O Bd6 8. dxc5 Bxc5 9. Qc2 Qd6 10. b3 Bg4 11. Nbd2 O-O 12. Bxc6 bxc6 13. Bb2 Bb6 14. Ne5 Rac8 15. Nxg4 Nxg4 16. Nf3 Rfe8 17. Qf5 Qg6 18. Qxg6 hxg6 19. h3 Nf6 20. Rac1 Ne4 21. Rc2 f6 22. Rd1 Kf7 23. Bd4 c5 24. Bb2 Red8 25. Kf1 a5 26. Ke2 a4 27. Nd2 axb3 28. axb3 Nd6 29. Nb1 Nf5 30. Nc3 d4 31. Na4 Ba7 32. exd4 cxd4 33. Rxc8 Rxc8 34. Rc1 Rxc1 35. Bxc1 Ke6 36. Nb2 Kd5 37. Nd3 g5 38. Ba3 Bb8 39. Bf8 Bd6 40. Bxd6 Nxd6 41. Nb4+ Kc5 42. Nd3+ Kd5 43. Nb4+ Kc5 44. Nd3+ Kd5 1/2-1/2


[Site "https://www.chess.com"]

[Event "Titled Tuesday Blitz February 21 Late 2023"]
[White "Caruana, Fabiano"]
[Black "Bortnyk, Mykola"]
[WhiteFideId "2020009"]
[BlackFideId "14120836"]
[WhiteElo "2764"]
[BlackElo "2425"]
[Result "1-0"]
[Round "09"]
[TimeControl "180+2"]
[Date "2023.02.21"]
[WhiteClock "0:00:13"]
[BlackClock "0:00:05"]

1. e4 Nf6 2. e5 Nd5 3. d4 d6 4. Nf3 dxe5 5. Nxe5 c6 6. Bc4 Bf5 7. O-O Nd7 8. Bd3 Bxd3 9. Nxd3 e6 10. c4 N5f6 11. Nc3 Bd6 12. h3 O-O 13. Re1 Re8 14. Be3 e5 15. d5 e4 16. Nf4 Bxf4 17. Bxf4 cxd5 18. cxd5 Nc5 19. Bg5 Nd3 20. Rxe4 Nxb2 21. Rxe8+ Nxe8 22. Qg4 Qa5 23. Bd2 Nf6 24. Qd4 Qb6 25. Qxb6 axb6 26. Bg5 Na4 27. Bxf6 gxf6 28. Nb5 Nc5 29. d6 Ra4 30. Rd1 Ra5 31. Nc7 Nd7 32. Rd2 Kg7 33. Nd5 Rc5 34. g4 h5 35. Kg2 hxg4 36. hxg4 b5 37. Ne7 Rc4 38. f3 b4 39. Kg3 Rc3 40. Rd4 b3 41. axb3 Rxb3 42. Rd1 f5 43. Nxf5+ Kf6 44. Rh1 Ke6 45. Re1+ Kd5 46. Re7 Nc5 47. d7 Nxd7 48. Rxd7+ Kc4 49. Rxf7 b5 50. Nd6+ Kc5 51. Nxb5 Rxb5 52. Rf5+ 1-0


[Site "https://www.chess.com"]

[Event "Titled Tuesday Blitz February 21 Late 2023"]
[White "Chigaev, Maksim"]
[Black "Paravyan, David"]
[WhiteFideId "4108116"]
[BlackFideId "4194985"]
[WhiteElo "2628"]
[BlackElo "2601"]
[Result "0-1"]
[Round "09"]
[TimeControl "180+2"]
[Date "2023.02.21"]
[WhiteClock "0:00:06"]
[BlackClock "0:00:04"]

1. Nf3 Nf6 2. c4 c5 3. b3 d5 4. cxd5 Nxd5 5. Nc3 Nxc3 6. dxc3 Qxd1+ 7. Kxd1 b6 8. e4 Bb7 9. Nd2 g6 10. f3 Bg7 11. Kc2 Nc6 12. Bb2 O-O-O 13. Nc4 Ne5 14. Ne3 Rd6 15. Be2 Bh6 16. Bc1 Rhd8 17. Rd1 Rxd1 18. Nxd1 Bxc1 19. Rxc1 f5 20. exf5 gxf5 21. Nf2 Rg8 22. Bf1 Ng6 23. Re1 Rg7 24. Bd3 Nh4 25. g3 Nxf3 26. Bxf5+ Kc7 27. Re3 Nxh2 28. g4 Rf7 29. Nd3 Nf1 30. Rh3 Bg2 31. Rxh7 Rxh7 32. Bxh7 Ne3+ 33. Kd2 Nxg4 34. Nf4 Bc6 35. Bf5 Nf6 36. Ke3 Nd5+ 37. Nxd5+ Bxd5 38. c4 Bf7 39. Kf4 Kd6 40. Be4 Be6 41. Bd3 Bd7 42. Be2 Be8 43. Bd3 Ke6 44. Bf5+ Kf6 45. Bd3 e5+ 46. Ke3 Bg6 47. Be2 Bb1 48. a4 Kf5 49. Bd1 Kg5 50. Be2 Kh4 51. Bd1 Kg3 52. Be2 Bc2 53. Bf1 Bxb3 54. Ke4 Kf2 55. Bd3 Bxa4 56. Kxe5 Ke3 57. Bf1 Kd2 58. Kd6 Kc3 59. Kc7 Bb3 60. Kb7 Bxc4 61. Kxa7 Bxf1 0-1


[Site "https://www.chess.com"]

[Event "Titled Tuesday Blitz February 21 Late 2023"]
[White "Bortnyk, Olexandr"]
[Black "Zhigalko, Sergei"]
[WhiteFideId "14120828"]
[BlackFideId "13502956"]
[WhiteElo "2605"]
[BlackElo "2572"]
[Result "0-1"]
[Round "09"]
[TimeControl "180+2"]
[Date "2023.02.21"]
[WhiteClock "0:00:01"]
[BlackClock "0:00:42"]

1. e4 c5 2. Be2 Nc6 3. d3 g6 4. f4 Bg7 5. c3 d5 6. Nf3 Nf6 7. e5 Nd7 8. d4 cxd4 9. cxd4 Nb6 10. Nc3 O-O 11. O-O Bd7 12. Be3 Rc8 13. Bf2 Bg4 14. h3 Bxf3 15. Bxf3 e6 16. Qe2 f5 17. Nb5 a6 18. Nd6 Rc7 19. Rac1 Qd7 20. Rc3 Nc8 21. Re1 Nxd4 22. Bxd4 Nxd6 23. Rxc7 Qxc7 24. Qd2 Ne4 25. Qc1 Rc8 26. Qxc7 Rxc7 27. Re2 Bh6 28. Be3 Bf8 29. g4 Bc5 30. gxf5 gxf5 31. Bxc5 Rxc5 32. Rg2+ Kf8 33. Kh2 d4 0-1


[Site "https://www.chess.com"]

[Event "Titled Tuesday Blitz February 21 Late 2023"]
[White "Gokerkan, Cem Kaan"]
[Black "Kramnik, Vladimir"]
[WhiteFideId "6336760"]
[BlackFideId "4101588"]
[WhiteElo "2500"]
[BlackElo "2753"]
[Result "1-0"]
[Round "09"]
[TimeControl "180+2"]
[Date "2023.02.21"]
[WhiteClock "0:00:07"]
[BlackClock "0:00:01"]

1. e4 c5 2. c3 d5 3. exd5 Qxd5 4. d4 Nf6 5. Nf3 Nc6 6. Na3 cxd4 7. Nb5 Qd8 8. Bf4 Nd5 9. Bg3 a6 10. Nbxd4 Bd7 11. Bc4 e6 12. O-O Nb6 13. Bd3 Be7 14. Qe2 O-O 15. Rad1 Nd5 16. Nxc6 Bxc6 17. c4 Nf6 18. Bxh7+ Nxh7 19. Rxd8 Rfxd8 20. Ne5 Be8 21. Rd1 Nf8 22. Rxd8 Rxd8 23. h3 f6 24. Nd3 Bf7 25. Bc7 Rc8 26. Bb6 Rxc4 27. b3 Rc6 28. Ba5 Nd7 29. Bb4 Bd8 30. Qd2 Bc7 31. Ba5 b6 32. Bc3 e5 33. Nb4 Rd6 34. Qe2 a5 35. Na6 Bd8 36. b4 Rc6 37. Qd3 Be6 38. b5 Rc8 39. a4 Be7 40. Bd2 Kf7 41. Be3 Rc4 42. Qd1 g6 43. Kh1 f5 44. g3 f4 45. gxf4 exf4 46. Bd4 Bxh3 47. Qf3 Be6 48. Qxf4+ Bf6 49. Nc7 Rxd4 50. Qe3 Rh4+ 51. Kg1 Rg4+ 52. Kh1 Ne5 53. Nxe6 Kxe6 54. f4 Rh4+ 55. Kg2 Kf5 56. fxe5 Bxe5 57. Qxb6 Rxa4 58. Qc6 1-0


[Site "https://www.chess.com"]

[Event "Titled Tuesday Blitz February 21 Late 2023"]
[White "KhalilMousavi98"]
[Black "Nihal Sarin"]
[BlackFideId "25092340"]
[WhiteElo "2871"]
[BlackElo "2673"]
[Result "0-1"]
[Round "09"]
[TimeControl "180+2"]
[Date "2023.02.21"]
[WhiteClock "0:00:13"]
[BlackClock "0:00:33"]

1. e4 e5 2. Nf3 Nc6 3. Bb5 a6 4. Ba4 Nf6 5. Nc3 Bc5 6. d3 d6 7. a3 O-O 8. Bg5 h6 9. Bh4 Nd4 10. Nxd4 Bxd4 11. O-O g5 12. Bg3 h5 13. h3 h4 14. Bh2 g4 15. Kh1 Kg7 16. Ne2 Bb6 17. f4 gxh3 18. fxe5 hxg2+ 19. Kxg2 Ng4 20. Kh1 dxe5 21. Bg1 Qg5 22. Bxb6 cxb6 23. Bb3 Ne3 24. Rg1 Bg4 25. Qe1 f5 26. Nc3 Kh6 27. Nd5 Nxd5 28. Bxd5 Bf3+ 29. Kh2 Qf4+ 30. Kh3 Bg4+ 0-1


[Site "https://www.chess.com"]

[Event "Titled Tuesday Blitz February 21 Late 2023"]
[White "Sanal, Vahap"]
[Black "Sarana, Alexey"]
[WhiteFideId "6300545"]
[BlackFideId "24133795"]
[WhiteElo "2600"]
[BlackElo "2685"]
[Result "1-0"]
[Round "09"]
[TimeControl "180+2"]
[Date "2023.02.21"]
[WhiteClock "0:00:18"]
[BlackClock "0:00:02"]

1. e4 e5 2. Nc3 Nf6 3. Bc4 Nxe4 4. Qh5 Nd6 5. Qxe5+ Qe7 6. Qxe7+ Bxe7 7. Be2 Nf5 8. Nf3 c6 9. g4 Nh4 10. Nxh4 Bxh4 11. Ne4 Be7 12. d4 d5 13. Ng3 g6 14. Bf4 Nd7 15. h4 Nf8 16. g5 h6 17. gxh6 Ne6 18. Be3 Bf8 19. h5 g5 20. Nf5 f6 21. Bd3 Bxh6 22. O-O-O Bf8 23. h6 Kf7 24. h7 Bd7 25. Nh6+ Kg7 26. Nf5+ Kf7 27. Rdg1 Re8 28. Nh6+ Kg7 29. f4 Nc5 30. dxc5 Rxe3 31. fxg5 f5 32. Bxf5 Be8 33. Bd3 Bg6 34. Rf1 Be7 35. Bxg6 Kxg6 36. Nf5 Re5 37. Nh4+ Kg7 38. Nf5+ Kg6 39. Nxe7+ Rxe7 40. Rf6+ Kxg5 41. Rfh6 a5 42. a4 Rf7 43. b3 Re7 44. Kd2 Rf7 45. R1h5+ Kg4 46. Kd3 Re7 47. Rh4+ Kg5 48. R4h5+ Kg4 49. Rh1 Kg5 50. Kc3 Re3+ 51. Kd2 Re7 52. c3 Rf7 53. b4 axb4 54. cxb4 Rf4 55. R1h5+ Kg4 56. Rh4+ Kg5 57. R6h5+ Kg6 58. Rxf4 Kxh5 59. Rf7 Kg6 60. Rxb7 Rf8 61. b5 1-0


[Site "https://www.chess.com"]

[Event "Titled Tuesday Blitz February 21 Late 2023"]
[White "Deac, Bogdan-Daniel"]
[Black "Gholami Orimi, Mahdi"]
[WhiteFideId "1226380"]
[BlackFideId "12558486"]
[WhiteElo "2700"]
[BlackElo "2420"]
[Result "0-1"]
[Round "09"]
[TimeControl "180+2"]
[Date "2023.02.21"]
[WhiteClock "0:00:01"]
[BlackClock "0:00:04"]

1. c4 e6 2. g3 Nf6 3. Bg2 d5 4. Nf3 dxc4 5. Qa4+ Bd7 6. Qxc4 c5 7. Ne5 Qc8 8. Qd3 Bc6 9. Nxc6 Nxc6 10. Nc3 Be7 11. Qb5 O-O 12. Bxc6 bxc6 13. Qa4 e5 14. d3 Rd8 15. Be3 Rb8 16. Rb1 Rd4 17. Qxa7 Bf8 18. Qa3 c4 19. Qa4 Rb4 20. Qc2 cxd3 21. exd3 Rd8 22. O-O Qh3 23. f3 h5 24. Rfd1 Qf5 25. Qe2 Nd5 26. Nxd5 cxd5 27. b3 Rb7 28. Rbc1 d4 29. Bf2 Ra7 30. Rc2 Rda8 31. Kg2 f6 32. h3 Bb4 33. g4 hxg4 34. hxg4 Qd7 35. Be1 Ba3 36. Qe4 Bf8 37. Rdd2 Bb4 38. Rf2 Bxe1 39. Qxe1 g5 40. Qe4 Qg7 41. Kg3 Qh7 42. Qd5+ Kg7 43. Rh2 Qxd3 44. Qd6 e4 45. Rc7+ Kg6 46. Rf2 Rxc7 47. Qxc7 exf3 48. Qd7 Qe4 49. Rxf3 Re8 50. Qf5+ Qxf5 51. gxf5+ Kh5 52. Rd3 Re4 53. a4 Rg4+ 54. Kh2 Rh4+ 55. Kg2 Rg4+ 56. Kf2 Rf4+ 57. Ke2 g4 58. b4 Kh4 59. b5 g3 60. Rxg3 Kxg3 61. b6 d3+ 62. Kxd3 Rxa4 63. Kc3 Ra6 0-1


[Site "https://www.chess.com"]

[Event "Titled Tuesday Blitz February 21 Late 2023"]
[White "Bernadskiy, Vitaliy"]
[Black "Makarian, Rudik"]
[WhiteFideId "14100371"]
[BlackFideId "44105681"]
[WhiteElo "2592"]
[BlackElo "2545"]
[Result "0-1"]
[Round "09"]
[TimeControl "180+2"]
[Date "2023.02.21"]
[WhiteClock "0:00:17"]
[BlackClock "0:00:35"]

1. e4 c5 2. Nf3 Nc6 3. Bb5 e6 4. O-O Nge7 5. Nc3 a6 6. Bxc6 Nxc6 7. d4 cxd4 8. Nxd4 Nxd4 9. Qxd4 b5 10. Bf4 Bb7 11. Rad1 f6 12. Bd6 Bc6 13. Rfe1 Bxd6 14. Qxd6 Qe7 15. Qg3 O-O 16. Nd5 Bxd5 17. exd5 e5 18. c3 d6 19. h4 f5 20. f4 e4 21. Qf2 Rf6 22. g3 Rg6 23. Kh2 Rg4 24. Rd4 h6 25. c4 Kh7 26. b4 g5 27. fxg5 Qe5 28. cxb5 axb5 29. Rdd1 Rxa2 0-1


[Site "https://www.chess.com"]